 Dungeon Crawl Stone Soup version 0.19-a0-1855-gb7442ac (webtiles) character file.

60 Amnesiac the Sneak (level 3, -2/19 HPs)
             Began as a Deep Elf Earth Elementalist on Oct 11, 2016.
             Slain by a gnoll
             ... wielding a +0 spear
              (4 damage)
             ... on level 3 of the Dungeon.
             The game lasted 00:03:29 (1392 turns).

Amnesiac the Sneak (Deep Elf Earth Elementalist)    Turns: 1392, Time: 00:03:29

Health: -2/19      AC:  2    Str:  5    XL:     3   Next: 82%
Magic:  0/9        EV: 13    Int: 19    God:
Gold:   36         SH:  0    Dex: 16    Spells: 2 memorised, 5 levels left

rFire  + . .     SeeInvis .     h - +0 dagger
rCold  + . .     Gourm    .     c - +0 robe
rNeg   . . .     Faith    .     (no shield)
rPois  +         Spirit   .     (no helmet)
rElec  +         Dismiss  .     (no cloak)
rCorr  +         Reflect  .     (no gloves)
MR     .....     Harm     .     (no boots)
Stlth  +++.......               (no amulet)
                                (no ring)
                                (no ring)

@: resistant, very slightly contaminated
A: no striking features
a: no special abilities


You were on level 3 of the Dungeon.
You were not hungry.

You visited 1 branch of the dungeon, and saw 3 of its levels.

You collected 36 gold pieces.

Inventory:

Hand Weapons
 h - a +0 dagger (weapon)
Missiles
 j - 5 javelins (quivered)
Armour
 c - a +0 robe (worn)
Scrolls
 a - a scroll of blinking {unknown}
 b - a scroll of random uselessness {unknown}
 f - a scroll of identify {unknown}
 g - 2 scrolls of remove curse {unknown}
 m - a scroll of enchant armour {unknown}
Potions
 l - a potion of agility {unknown}
Books
 e - a book of Geomancy

   Spells                             Type                      Level
   a - Sandblast                      Earth                        1
   b - Passwall                       Transmutation/Earth          2
   c - Stone Arrow                    Conjuration/Earth            3
   d - Petrify                        Transmutation/Earth          4
   e - Lee's Rapid Deconstruction     Earth                        5
Comestibles
 d - a bread ration
 i - a royal jelly
 n - 2 chunks of flesh


   Skills:
 + Level 2.4 Short Blades
 - Level 2.4 Dodging
 - Level 4.0 Stealth
 - Level 3.0 Spellcasting
 - Level 1.1 Transmutations
 - Level 3.2 Earth Magic


You had 5 spell levels left.
You knew the following spells:

 Your Spells              Type           Power        Failure   Level  Hunger
f - Sandblast             Erth           ###...       4%          1    None
v - Passwall              Tmut/Erth      ##........   12%         2    ##.....


Dungeon Overview and Level Annotations

Branches:
Dungeon (3/15)

Altars:
Gozag

Annotations:
D:3 exclusions: 2 gnolls, orc and 1 more exclusion


Message History

Confirm with . or Enter, or press ? or * to list all spells.
You don't have enough magic to cast that spell.
The gnoll closely misses you.
The gnoll hits you from afar with a spear!
* * * LOW HITPOINT WARNING * * *
Casting: Sandblast
Confirm with . or Enter, or press ? or * to list all spells.
Aiming: Sandblast
Press: ? - help, Shift-Dir - straight line, f/p - gnoll
Aim: a gnoll, wielding a spear (severely wounded)
The blast of sand hits the gnoll.
The gnoll is severely wounded.
The gnoll closely misses you.
Unknown command.
The gnoll hits you from afar with a spear.
* * * LOW HITPOINT WARNING * * *
It was a potion of resistance.
You feel protected.
The gnoll hits you from afar with a spear.
You die...

######r....
#h..h......
#r###......
#h#.+......
#.#.#......
##+#........
#######......#####
#.....>......'....
#@...........##...
#..g.........##...
#.......##...##...
#.......##...##...
#......รท##...##...
#.......#######.>.
######### #... #...
. #...


You could see a gnoll.

Vanquished Creatures
  A gnoll (D:3)
  2 adders (D:3)
  A worm (D:3)
  A dart slug (D:2)
  A leopard gecko (D:3)
  2 orcs (D:3)
  3 goblins
  A hobgoblin (D:2)
  3 jackals (D:3)
  4 quokkas (D:3)
  2 bats
  2 frilled lizards (D:3)
  A kobold (D:1)
  A rat (D:3)
25 creatures vanquished.

Notes
Turn   | Place    | Note
-------+----------+-------------------------------------------
     0 | D:1      | Amnesiac the Deep Elf Earth Elementalist began the quest for the Orb.
     0 | D:1      | Reached XP level 1. HP: 10/10 MP: 6/6
   112 | D:2      | Found an opulent altar of Gozag.
   138 | D:2      | Reached skill level 3 in Stealth
   435 | D:3      | Reached XP level 2. HP: 15/15 MP: 6/8
   438 | D:3      | Reached skill level 4 in Stealth
   442 | D:3      | Learned a level 2 spell: Passwall
   589 | D:3      | Reached skill level 1 in Short Blades
   664 | D:3      | Reached XP level 3. HP: 19/19 MP: 6/9
  1392 | D:3      | Slain by a gnoll

Vault maps used:
D:1:      lightli_arrival_maybe_door_vault
D:2:      old_standard_altar, tso_altar, nicolae_overflow_hidden_temple
D:3:      lemuel_castle_with_subvaults

Skill      XL: |  1  2  3 |
---------------+----------+-----
Stealth        | 3 4 |  4.0
Short Blades   | 1 2 |  2.4
Dodging        | |  2.4
Spellcasting   | |  3.0
Transmutations | |  1.1
Earth Magic    | |  3.2

Action                   || total
-------------------------++-------
Melee: Dagger            ||    11
Throw: Stone             ||     2
 Cast: Sandblast         ||    55
       Passwall          ||     4
  Use: Potion            ||     1
  Eat: Chunk             ||     1
Armor: Robe              ||    17
Dodge: Dodged            ||    33
